 Dungeon Crawl Stone Soup version 0.29.1-2-gbd0b4ee654 (webtiles) character file.

Game seed: 5618926932449898477

812 whiskeysaurus the Insei (level 7, -2/46 HPs)
             Began as an Octopode Transmuter on Nov 17, 2022.
             Slain by a scorpion (7 damage)
             ... on level 6 of the Dungeon.
             The game lasted 00:12:26 (5188 turns).

whiskeysaurus the Insei (Octopode Transmuter)       Turns: 5188, Time: 00:12:26

Health: -2/46      AC:  1    Str: 11    XL:     7   Next: 93%
Magic:  12/12      EV: 14    Int: 15    God:
Gold:   122        SH:  0    Dex: 13    Spells: 12/13 levels left

rFire   x . .      SeeInvis .     - Unarmed
rCold   + . .      Faith    .   (no shield)
rNeg    . . .      Spirit   .   (helmet restricted)
rPois   .          Reflect  .   r - amulet of the acrobat
rElec   .          Harm     .   j - ring of ice
rCorr   .          Rampage  .   (no ring)
Will    .....                   (no ring)
Stlth   ++........              (no ring)
HPRegen 0.15/turn               (no ring)
MPRegen 0.13/turn               (no ring)
                                (no ring)
                                (no ring)

@: lethally poisoned (-2 -> -7)
A: almost no armour, amphibious, 8 rings, camouflage 1, gelatinous body 1,
(nimble swimmer 1), tentacles
a: no special abilities


You were on level 6 of the Dungeon.
You visited 1 branch of the dungeon, and saw 5 of its levels.

You collected 122 gold pieces.

Inventory:

Missiles
 i - 3 poisoned darts
 t - 3 boomerangs
Armour
 d - a +2 buckler of protection
Jewellery
 j - a ring of ice (left tentacle)
 r - an amulet of the acrobat (around mantle)
Wands
 f - a wand of quicksilver (7)
 g - a wand of roots (16)
 k - a wand of digging (5)
Scrolls
 b - 3 scrolls of teleportation
 e - 3 scrolls of enchant weapon {unknown}
 m - 2 scrolls of enchant armour {unknown}
 n - a scroll of fog {unknown}
 o - 2 scrolls of identify {unknown}
 p - 2 scrolls of blinking {unknown}
Potions
 a - a potion of lignification
 c - a potion of might {unknown}
 h - a potion of heal wounds {unknown}
 q - a potion of curing {unknown}
 s - a potion of flight


   Skills:
 + Level 3.4 Fighting
 + Level 3.8 Dodging
 * Level 5.6 Unarmed Combat
 + Level 3.5 Spellcasting
 + Level 3.8 Transmutations
 + Level 2.1 Evocations


You had 12 spell levels left.
You knew the following spells:

 Your Spells              Type           Power      Damage    Failure   Level
a - Beastly Appendage     Tmut           28%        N/A       4%          1

Your spell library contained the following spells:

 Spells                   Type           Power      Damage    Failure   Level
 Wereblood                Tmut           14%        N/A       6%          2
 Spider Form              Tmut/Pois      8%         N/A       26%         3
 Stone Arrow              Conj/Erth      4%         3d7       50%         3
 Ice Form                 Ice/Tmut       12%        N/A       65%         4
 Lehudib's Crystal Spear  Conj/Erth      1%         10d2      100%        8
 Animate Armour           Summ/Erth      Unusable   N/A       N/A         4

Dungeon Overview and Level Annotations

Branches:
Dungeon (4/15)
 Temple: D:4-7

Altars:
Xom
Zin

Shops:
D:2 [

Annotations:
D:4 Menkaure


Innate Abilities, Weirdness & Mutations

You cannot wear most types of armour.
You are amphibious.
You can wear up to eight rings at the same time.
Your skin changes colour to match your surroundings (Stealth+).
Your rubbery body absorbs attacks. (AC +1, EV +1)
((You are camouflaged when in or above water. (Stealth+)))
You have tentacles for arms and can constrict up to eight enemies at once.


Message History

The scorpion stings you.
You are poisoned.
The scorpion poisons you!
You closely miss the scorpion. Your grab misses the scorpion.
Your tentacle spike misses the scorpion.
You squeeze the scorpion, but do no damage.
You feel sick. The scorpion stings you.
You are more poisoned.
The scorpion poisons you!
You barely miss the scorpion. You grab the scorpion.
Your tentacle spike misses the scorpion.
You squeeze the scorpion, but do no damage.
You constrict the scorpion.
* * * LOW HITPOINT WARNING * * *
You feel very sick. The scorpion misses you.
Okay, then.
As you read the scroll labelled SADYTIPHOTHRU, it crumbles to dust.
You feel strangely unstable.
It was a scroll of teleportation.
You constrict the scorpion, but do no damage.
* * * LOW HITPOINT WARNING * * *
You feel sick. The scorpion stings you.
* * * LOW HITPOINT WARNING * * *
It was a potion of flight.
You feel very buoyant.
You fly up into the air.
You constrict the scorpion, but do no damage.
* * * LOW HITPOINT WARNING * * *
You feel sick. The scorpion barely misses you. x2
It was a potion of cancellation.
You feel strangely stable.
Your magical effects are unravelling.
You feel magically purged.
Your tentacle spike disappears.
You float gracefully downwards.
You are no longer corroded.
You constrict the scorpion, but do no damage.
* * * LOW HITPOINT WARNING * * *
You feel sick. The scorpion stings you!
You die...

#.# ##.#
#..# #.##
###.# #...#
##.###
#####..#
#.@...##
###s#####
########...#
.......#.###
..._.....#
.#####...#
.#...#...##
.#..A#....#
.#..A#....#


You could see an angel (confused) and a scorpion.

Vanquished Creatures
  Sigmund (D:2)
  A black bear (D:6)
  A centaur (D:4)
  Crazy Yiuf (D:2)
  2 jellies
  Jessica (D:2)
  2 iguanas
  Natasha (twice) (D:3)
  3 orc wizards
  Robin (D:3)
  5 adders
  A worm (D:2)
  4 dart slugs
  12 orcs
  7 ball pythons
  9 bats
  4 endoplasms
  6 giant cockroaches
  7 hobgoblins
  7 jackals
  7 kobolds
  2 quokkas
  7 frilled lizards
  14 goblins
  A rat (D:2)
108 creatures vanquished.

Notes
Turn   | Place    | Note
-------+----------+-------------------------------------------
     0 | D:1      | whiskeysaurus the Octopode Transmuter began the quest for
                  | the Orb.
     0 | D:1      | Reached XP level 1. HP: 13/13 MP: 3/3
   160 | D:1      | Reached XP level 2. HP: 18/18 MP: 5/5
   418 | D:1      | Found a faded altar of an unknown god.
   585 | D:1      | Reached XP level 3. HP: 21/23 MP: 6/6
  1077 | D:2      | Noticed Jessica
  1090 | D:2      | Killed Jessica
  1093 | D:2      | Reached XP level 4. HP: 21/29 MP: 5/7
  1343 | D:2      | Noticed Sigmund
  1360 | D:2      | Killed Sigmund
  1361 | D:2      | Reached skill level 4 in Unarmed Combat
  1361 | D:2      | Reached XP level 5. HP: 10/35 MP: 6/9
  1361 | D:2      | Reached XP level 6. HP: 11/41 MP: 6/10
  1818 | D:2      | Found Maptarr's Antique Armour Shop.
  2117 | D:2      | Found a runed translucent door.
  2118 | D:2      | Noticed Crazy Yiuf
  2125 | D:2      | Killed Crazy Yiuf
  2620 | D:3      | Noticed Robin
  2672 | D:3      | Killed Robin
  2678 | D:3      | Noticed Natasha
  2691 | D:3      | Killed Natasha
  2692 | D:3      | Reached skill level 1 in Evocations
  3457 | D:3      | Noticed Natasha
  3462 | D:3      | Killed Natasha
  3463 | D:3      | Reached XP level 7. HP: 38/45 MP: 9/11
  3531 | D:3      | Reached skill level 5 in Unarmed Combat
  4562 | D:4      | Noticed Menkaure
  4974 | D:4      | You fall into a shaft and drop 2 floors!
  5151 | D:6      | Noticed an angel
  5155 | D:6      | Found a glowing silver altar of Zin.
  5155 | D:6      | Found a shimmering altar of Xom.
  5188 | D:6      | Slain by a scorpion

Illustrated notes

Levels and vault maps discovered:
D:1:      giann_bridges, layout_loops_ring,
          hellmonk_ecumenical_altar_slurped_away, hangedman_feature_mirror,
          chequers_avenue, st_stairs_12
D:2:      layout_loops_ring, serial_shops, shop_statue, uniq_jessica,
          uniq_crazy_yiuf_cottage, uniq_sigmund
D:3:      layout_basic, uniq_robin, uniq_natasha
D:4:      layout_basic, uniq_menkaure
D:6:      black_bear_nest_2, layout_cave_pools,
          grunt_temple_overflow_order_and_chaos_1, enter_ossuary_1

Skill      XL: |  1  2  3  4  5  6  7 |
---------------+----------------------+-----
Fighting       | 2 3 |  3.4
Dodging        | 3 |  3.8
Unarmed Combat | 4 5 |  5.6
Transmutations | 3 |  3.8
Spellcasting   | 3 |  3.5
Evocations     | 1 2 |  2.1

Action                   |  1- 3 |  4- 6 |  7- 9 || total
-------------------------+-------+-------+-------++-------
Melee: Unarmed           |    60 |   135 |    70 ||   265
       Constrict         |    18 |    40 |    12 ||    70
       Tentacles         |    16 |    27 |    21 ||    64
       Kick              |       |    18 |    14 ||    32
       Punch             |       |     7 |     3 ||    10
 Cast: Beastly Appendage |     1 |     9 |     6 ||    16
  Use: Potion            |       |       |     2 ||     2
       Scroll            |       |       |     1 ||     1
 Stab: Sleeping          |     5 |     6 |     2 ||    13
Armor: Skin              |     6 |     4 |     5 ||    15
Dodge: Dodged            |    24 |    77 |    36 ||   137
